 Dungeon Crawl Stone Soup version 0.31-a0-845-g9abc20d24f (webtiles) character file.

Game seed: 3601716845776677731

8103 void236 the Geomancer (level 11, -10/59 HPs)
             Began as a Gargoyle Earth Elementalist on Oct 2, 2023.
             Was a Priest of Vehumet.
             Mangled by an orc knight
             ... wielding a +3 glaive
              (23 damage)
             ... on level 10 of the Dungeon.
             The game lasted 00:38:28 (13280 turns).

void236 the Geomancer (GrEE)                       Turns: 13280, Time: 00:38:29

Health: -10/59     AC: 11    Str: 12    XL:     11   Next: 25%
Magic:  0/25       EV: 12    Int: 23    God:    Vehumet [***...]
Gold:   540        SH:  5    Dex: 10    Spells: 16/30 levels left

rFire   + . .        j - staff of cold
rCold   + + .        (no shield)
rNeg    + . .        z - +0 troll leather armour
rPois   ∞            (no helmet)
rElec   +            (no cloak)
rCorr   +            (no gloves)
SInv    +            (no boots)
Will    +....        i - amulet "Coretwib" {Reflect Fly Int+3 SH+5}
Stlth   ++           c - ring of see invisible
HPRegen 1.09/turn    f - ring of willpower
MPRegen 0.19/turn

%: reflection
@: resistant, flying
A: sickness immunity, AC +8, negative energy resistance 1, electricity
resistance, torment resistance 1, petrification resistance
a: Renounce Religion


You were on level 10 of the Dungeon.
You worshipped Vehumet.
Vehumet was most pleased with you.
You visited 2 branches of the dungeon, and saw 11 of its levels.

You collected 540 gold pieces.

Inventory:

Missiles
 k - 2 throwing nets
Armour
 a - a +0 robe
 z - a +0 troll leather armour (worn)
 E - +0 steam dragon scales
Magical Staves
 j - a staff of cold (weapon)
Jewellery
 c - a ring of see invisible (left hand)
 f - a ring of willpower (right hand)
 i - the amulet "Coretwib" (around neck) {Reflect Fly Int+3 SH+5}
   (You found it on level 4 of the Dungeon)

   [amulet of reflection]

   Reflect:   It reflects blocked missile attacks.
   Int+3:     It affects your intelligence (+3).
   Fly:       It grants you flight.
   SH+5:      It affects your SH (+5).
 t - an amulet of regeneration
Talismans
 x - a maw talisman
Wands
 r - a wand of flame (40)
 A - a wand of roots (15)
 C - a wand of acid (10)
 I - a wand of charming (3)
Scrolls
 d - 3 scrolls of teleportation
 e - 4 scrolls of identify
 g - a scroll of enchant weapon
 n - a scroll of enchant armour
 o - a scroll of fog {unknown}
 p - 4 scrolls of summoning
 q - a scroll of amnesia {unknown}
 v - 2 scrolls of revelation
 y - 3 scrolls of immolation
 B - a scroll of brand weapon {unknown}
 J - a scroll of fear {unknown}
Potions
 b - a potion of magic
 h - a potion of attraction
 m - a potion of invisibility {unknown}
 s - 2 potions of brilliance
 u - a potion of ambrosia {unknown}
 w - a potion of degeneration {unknown}
 D - a potion of might {unknown}
 F - a potion of mutation {unknown}
 H - a potion of haste {unknown}


   Skills:
 + Level 2.6 Fighting
 + Level 1.0 Staves
 + Level 2.8 Armour
 + Level 3.4 Dodging
 + Level 3.9 Stealth
 + Level 2.0 Shields
 + Level 10.2 Spellcasting
 + Level 6.2 Conjurations
 + Level 0.7 Transmutations
 + Level 12.2 Earth Magic


You had 16 spell levels left.
You knew the following spells:

 Your Spells              Type           Power      Damage    Failure   Level
a - Sandblast             Erth           100%       2d20      1%          1
b - Stone Arrow           Conj/Erth      100%       3d13      1%          3
c - Passwall              Tmut/Erth      34%        N/A       1%          2
d - Brom's Barrelling Bo  Conj/Erth      53%        2d7       1%          4
e - Petrify               Tmut/Erth      41%        N/A       4%          4

Your spell library contained the following spells:

 Spells                   Type           Power      Damage    Failure   Level
 Ignite Poison            Fire/Tmut/Pois 12%        N/A       5%          3
 Scorch                   Fire           22%        2d5       3%          2
 Flame Wave               Conj/Fire      26%        2d8       5%          4
 Apportation              Tloc           22%        N/A       7%          1
 Necrotise                Necr           44%        1d6       7%          1
 Summon Small Mammal      Summ           44%        N/A       7%          1
 Ensorcelled Hibernation  Hex/Ice        34%        N/A       11%         2
 Jinxbite                 Hex            22%        N/A       11%         2
 Swiftness                Air            11%        N/A       22%         3
 Tukima's Dance           Hex            11%        N/A       22%         3
 Anguish                  Hex/Necr       5%         N/A       56%         4
 Cause Fear               Hex            5%         N/A       56%         4
 Summon Cactus Giant      Summ           5%         N/A       100%        6
 Chain Lightning          Conj/Air       13%        3d17      100%        9


Dungeon Overview and Level Annotations

Branches:
Dungeon (10/15)            Temple (1/1) D:4
   Lair: D:8-11         Orc: D:9-12

Altars:
Ashenzari
Cheibriados
Dithmenos
Elyvilon
Fedhas
Gozag
Hepliaklqana
Kikubaaqudgha
Makhleb
Nemelex Xobeh
Okawaru
Qazlal
Ru
Sif Muna
Trog
Uskayaw
Vehumet
Wu Jian
Xom
Yredelemnul
Zin
The Shining One

Shops:
D:6 =   D:8 :


Innate Abilities, Weirdness & Mutations

You are immune to sickness and miasma.
Your stone body is resilient. (AC +8)
You are immune to poison.
You resist negative energy. (rN+)
You are resistant to electric shocks. (rElec)
You are resistant to unholy torment.
You are immune to petrification.


Message History

Aiming: Sandblast (safe; 1% risk of failure)
Press: ? - help, Shift-Dir - straight line, f/p - orc
Aim: an orc, wielding a +0 hand axe and wearing a +0 leather armour (strong, 85% to hit)
The blast of sand misses the orc.
The orc hits you with a +0 hand axe. The orc barely misses you.
The orc attacks as it pursues you! The orc hits you with a +0 hand axe.
Casting: Sandblast (safe; 1% risk of failure)
Confirm with . or Enter, or press ? or * to list all spells.
Aiming: Sandblast (safe; 1% risk of failure)
Press: ? - help, Shift-Dir - straight line, f/p - orc
Aim: an orc, wielding a +0 hand axe and wearing a +0 leather armour (strong, 85% to hit)
The blast of sand misses the orc.
The blast of sand hits the orc knight!
The orc knight is lightly wounded.
The orc hits you but does no damage.
There is a stone staircase leading up here.
The orc knight attacks as it pursues you!
The orc knight hits you from afar with a +3 glaive!!
The orc knight hits you from afar with a +3 glaive!
The orc knight hits you from afar with a +3 glaive!
The orc knight roars a battlecry!
The orc goes into a battle-frenzy!
Casting: Sandblast (safe; 1% risk of failure)
Confirm with . or Enter, or press ? or * to list all spells.
Aiming: Passwall (safe; 1% risk of failure)
Press: ? - help, Dir - move target, f - you, p - orc Please select a wall.
Okay, then.
Casting: Passwall (safe; 1% risk of failure)
Confirm with . or Enter, or press ? or * to list all spells.
Aiming: Petrify (dangerous; 4% risk of failure)
Press: ? - help, Shift-Dir - straight line, f/p - orc
Aim: an orc, wielding a +0 hand axe and wearing a +0 leather armour (strong, chance to affect: 81%)
The orc knight resists with some effort.
The orc knight hits you from afar with a +3 glaive!!
* * * LOW HITPOINT WARNING * * *
There is an open door here.
It was a potion of resistance.
You feel protected.
The orc knight hits you from afar with a +3 glaive!!
You die...

.#####.###.#
.).......#.#######
.#####..<....o...# .#
#.....#####.# .#
#.#.### ##..##
.#####.#.# #....#
.......#.# ##'##o#
.....###.####~~~#.#
.....###.##.'~~~@.#
....>.....<.#~~~###
............##'###
.........#.##..#.##
##...##..#.##.#...####
#...##..#.##.#......#
#...##..#.##.#...##.#
##.......#.......###.#
........#####.######Y#


You could see an orc knight.

Vanquished Creatures
  Amaemon (D:8)
  Pikel (D:5)
  Maurice (D:8)
  An orange demon (D:8)
  Maggie (D:8)
  A hornet (D:10)
  2 trolls
  A wraith (D:9)
  8 yaks
  A steam dragon (D:5)
  Menkaure (D:6)
  An acid dragon (D:10)
  A water moccasin (D:9)
  3 orc warriors
  2 black bears
  An ice beast (D:5)
  A sky beast (D:8)
  A centaur (D:10)
  4 lemures (D:5)
  5 kobold brigands
  3 phantoms
  6 bullfrogs
  2 gnoll sergeants
  2 scorpions
  8 wights
  3 killer bees (D:9)
  A howler monkey (D:9)
  4 crimson imps
  2 hounds (D:5)
  2 orc priests
  A gnoll bouda (D:7)
  Jessica (D:2)
  2 sleepcaps
  4 iguanas
  3 orc wizards
  14 gnolls
  3 adders
  2 white imps (D:7)
  3 ufetubi
  2 dart slugs
  31 orcs
  3 ball pythons
  2 bats (D:1)
  7 endoplasms
  3 giant cockroaches
  6 goblins
  4 hobgoblins
  34 kobolds
  5 quokkas
  4 frilled lizards
  6 rats
211 creatures vanquished.

Vanquished Creatures (collateral kills)
  2 gnolls (D:7)
  22 boulders
24 creatures vanquished.

Vanquished Creatures (others)
  A wizard (D:9)
  29 boulders
30 creatures vanquished.

Grand Total: 265 creatures vanquished

Notes
Turn   | Place    | Note
-------+----------+-------------------------------------------
     0 | D:1      | void236 the Gargoyle Earth Elementalist began the quest for
                  | the Orb.
     0 | D:1      | Reached XP level 1. HP: 10/10 MP: 3/3
   282 | D:1      | Reached skill level 4 in Earth Magic
   310 | D:1      | Reached XP level 2. HP: 15/15 MP: 3/5
  1155 | D:2      | Reached XP level 3. HP: 19/19 MP: 4/6
  1159 | D:2      | Learned a level 3 spell: Stone Arrow
  1162 | D:2      | Learned a level 2 spell: Passwall
  1284 | D:2      | Noticed Jessica
  1289 | D:2      | Killed Jessica
  1335 | D:2      | Reached XP level 4. HP: 24/24 MP: 1/8
  1528 | D:3      | Reached skill level 5 in Earth Magic
  1715 | D:3      | Found a broken altar of Ashenzari.
  1719 | D:3      | Saw a vision of the Swamp and the Snake Pit.
  1719 | D:3      | Noticed a tyrant leech
  1719 | D:3      | Noticed a tyrant leech
  1719 | D:3      | Noticed a black mamba
  1719 | D:3      | Noticed a bog body
  1719 | D:3      | Noticed a shock serpent
  1719 | D:3      | Noticed a naga mage
  1719 | D:3      | Noticed a black mamba
  1719 | D:3      | Noticed a goliath frog
  1720 | D:3      | Noticed a naga
  1721 | D:3      | Noticed a naga
  1729 | D:3      | Noticed a salamander
  2674 | D:3      | Reached XP level 5. HP: 28/28 MP: 7/9
  3190 | D:4      | Identified the amulet "Coretwib" {Reflect Fly Int+3 SH+5}
  3204 | D:4      | Learned a level 4 spell: Brom's Barrelling Boulder
  3370 | D:4      | Found a staircase to the Ecumenical Temple.
  3384 | Temple   | Entered the Ecumenical Temple
  3476 | Temple   | Became a worshipper of Vehumet
  3645 | D:4      | Reached XP level 6. HP: 30/33 MP: 5/11
  3895 | D:5      | Entered Level 5 of the Dungeon
  3898 | D:5      | Reached skill level 1 in Fighting
  3945 | D:5      | Reached skill level 6 in Earth Magic
  3978 | D:5      | Noticed a black bear
  4033 | D:5      | Killed a black bear
  4040 | D:5      | Noticed Pikel
  4072 | D:5      | Reached XP level 7. HP: 34/38 MP: 0/13
  4466 | D:5      | Reached skill level 5 in Spellcasting
  4466 | D:5      | Reached skill level 1 in Conjurations
  4466 | D:5      | Reached skill level 7 in Earth Magic
  4553 | D:5      | Noticed a steam dragon
  4568 | D:5      | Killed a steam dragon
  4927 | D:5      | Reached XP level 8. HP: 43/43 MP: 2/16
  5593 | D:5      | Found a shimmering altar of Xom.
  5796 | D:5      | Killed Pikel
  5797 | D:5      | Reached skill level 8 in Earth Magic
  6186 | D:5      | You are sucked into a shaft and drop 1 floor!
  6262 | D:6      | Noticed Menkaure
  6264 | D:6      | Found Gaubbir's Jewellery Shop.
  6267 | D:6      | Killed Menkaure
  6268 | D:6      | Reached skill level 1 in Shields
  6268 | D:6      | Reached skill level 9 in Earth Magic
  6268 | D:6      | Reached XP level 9. HP: 48/48 MP: 9/19
  6951 | D:7      | Reached * piety under Vehumet
  6951 | D:7      | Offered knowledge of Kiss of Death by Vehumet.
  7931 | D:7      | Got a conspicuous book
  8205 | D:8      | Noticed a troll
  8210 | D:8      | Noticed Amaemon
  8529 | D:8      | Noticed an orange demon
  8540 | D:8      | Killed an orange demon
  8541 | D:8      | Reached skill level 10 in Earth Magic
  8551 | D:8      | Killed Amaemon
  8552 | D:8      | Reached XP level 10. HP: 23/53 MP: 16/22
  8552 | D:8      | Reached ** piety under Vehumet
  8552 | D:8      | Offered knowledge of Shock by Vehumet.
  9175 | D:8      | Learned a level 4 spell: Petrify
  9269 | D:8      | Noticed Maurice
  9283 | D:8      | Killed Maurice
  9320 | D:8      | Reached skill level 11 in Earth Magic
  9695 | D:8      | Found Obrut's Book Boutique.
  9878 | D:8      | Noticed Maggie
  9898 | D:8      | Killed Maggie
  9899 | D:8      | Reached skill level 5 in Conjurations
 10452 | D:9      | Reached skill level 1 in Armour
 11111 | D:9      | Offered knowledge of Ignite Poison by Vehumet.
 11649 | D:9      | Noticed a wizard
 11657 | D:9      | Killed a wizard
 11658 | D:9      | Reached skill level 12 in Earth Magic
 11658 | D:9      | Reached XP level 11. HP: 58/58 MP: 16/24
 12115 | D:9      | Reached skill level 10 in Spellcasting
 12356 | D:10     | Entered Level 10 of the Dungeon
 12587 | D:10     | HP: 1/58 [yak (12)]
 13099 | D:10     | Reached *** piety under Vehumet
 13183 | D:10     | Noticed an orc knight
 13192 | D:10     | Reached skill level 1 in Staves
 13280 | D:10     | Mangled by an orc knight

Illustrated notes

Levels and vault maps discovered:
D:1:      sevenhm_arrival_forest_fort_small_5, layout_basic,
          serial_bayou_lagoon_b
D:2:      layout_basic, uniq_robin, uniq_jessica
D:3:      layout_loops_corners, grunt_ashenzari_visionary
          [grunt_ashenzari_visionary_swamp, grunt_ashenzari_visionary_snake],
          kennysheep_generic_room_9
D:4:      cheibrodos_quashed, layout_rooms, corexii_shack
D:5:      layout_basic, led_xom_imps, hangedman_abyss_or_decor_passed,
          uniq_pikel
D:6:      layout_basic, serial_shops, shop, uniq_menkaure
D:7:      layout_basic
D:8:      layout_basic, serial_shops, nicolae_shop_tiny_waterfront, uniq_maggie,
          uniq_amaemon, uniq_maurice
D:9:      layout_stronghold, lightli_wizard_tower
D:10:     layout_loops_ring, erik_lair_dragon, david_orc_5,
          chequers_serial_rivers_micro_d, minmay_liquid_box
Temple:   mainiacjoe_temple_big_plus

Skill      XL: |  1  2  3  4  5  6  7  8  9 10 11 |
---------------+----------------------------------+-----
Earth Magic    | 4 5 6 7 9 10 12 | 12.2
Dodging        | 2 3 |  3.4
Spellcasting   | 3 4 5 6 8 9 10 | 10.2
Fighting       | 1 2 |  2.6
Stealth        | 3 |  3.9
Conjurations   | 1 2 4 5 6 |  6.2
Shields        | 1 2 |  2.0
Armour         | 1 2 |  2.8
Staves         | 1 |  1.0
Transmutations | |  0.7

Action                     |  1- 3 |  4- 6 |  7- 9 | 10-12 || total
---------------------------+-------+-------+-------+-------++-------
  Melee: Unarmed           |     4 |     1 |       |       ||     5
         Staff             |       |     9 |     1 |    10 ||    20
   Cast: Sandblast         |    37 |    69 |    43 |    54 ||   203
         Stone Arrow       |       |     6 |    67 |    43 ||   116
         Brom's Barrelling |       |     1 |    19 |    62 ||    82
         Petrify           |       |       |       |     2 ||     2
    Use: Scroll            |       |     5 |     1 |     6 ||    12
         Potion            |       |     1 |     2 |     2 ||     5
 Armour: Robe              |    24 |    60 |    49 |     1 ||   134
         Troll leather arm |       |       |       |    99 ||    99
  Dodge: Dodged            |    26 |    50 |    40 |    67 ||   183
  Block: Other             |       |     6 |    14 |    21 ||    41
         Reflection        |       |       |     5 |     2 ||     7

Table legend: (Time is in decaauts)
 A = Elapsed time spent in this place.
 B = Non-inter-level travel time spent in this place.
 C = Inter-level travel time spent in this place.
 D = Time resting spent in this place.
 E = Time spent auto-exploring this place.
 F = Levels seen in this place.
 G = Mean time per level.
                   A        B        C        D        E       F      G
               +--------+--------+--------+--------+--------+-----+--------+
         Total |  13395 |  12959 |    436 |   4158 |   6494 |  11 | 1217.7 |
       Dungeon |  13280 |  12954 |    326 |   4158 |   6494 |  10 | 1328.0 |
        Temple |    114 |      4 |    110 |      0 |      0 |   1 |  114.0 |
               +--------+--------+--------+--------+--------+-----+--------+

Top non-repeatable levels by time:
     D:5: 2311 daAuts
     D:9: 2261 daAuts
     D:8: 1911 daAuts
     D:3: 1356 daAuts
     D:7: 1289 daAuts
     D:1: 1176 daAuts
     D:4: 934 daAuts
    D:10: 933 daAuts
     D:6: 735 daAuts
     D:2: 369 daAuts
  Temple: 114 daAuts
